 Dungeon Crawl Stone Soup version 0.18-a0-1532-g2212f85 (webtiles) character file.

1105 Svalin the Destroyer (level 8, -8/54 HPs)
             Began as a High Elf Conjurer on Mar 8, 2016.
             Was a Follower of Vehumet.
             Mangled by an ogre
             ... wielding a +0 giant club
              (27 damage)
             ... on level 5 of the Dungeon.
             The game lasted 00:25:29 (8765 turns).

Svalin the Destroyer (High Elf Conjurer)            Turns: 8765, Time: 00:25:29

Health: -8/54      AC:  4    Str:  7    XL:     8   Next: 11%
Magic:  17/17      EV: 13    Int: 21    God:    Vehumet [*.....]
Gold:   362        SH:  0    Dex: 16    Spells: 4 memorised, 5 levels left

rFire  . . .     SeeInvis .     q - +4 short sword (holy)
rCold  . . .     Gourm    .     a - +0 robe
rNeg   . . .     Faith    .     (no shield)
rPois  .         Spirit   .     e - +1 helmet
rElec  .         Dismiss  .     (no cloak)
rCorr  .         Reflect  .     (no gloves)
SustAt .         Harm     .     (no boots)
MR     .....                    (no amulet)
Stlth  ++........               (no ring)
                                n - ring of flight

@: about to teleport, not resistant to hostile enchantments, unstealthy
A: no striking features
a: Renounce Religion, Evoke Flight


You were on level 5 of the Dungeon.
You worshipped Vehumet.
Vehumet was aware of your devotion.
You were not hungry.

You visited 2 branches of the dungeon, and saw 7 of its levels.

You collected 362 gold pieces.

Inventory:

Hand Weapons
 d - a +0 mace
 j - a +2 dagger of pain
 k - a cursed +0 dagger
 q - a +4 short sword of holy wrath (weapon)
Missiles
 x - 2 javelins (quivered)
Armour
 a - a +0 robe (worn)
 e - a +1 helmet (worn)
Jewellery
 n - a ring of flight (left hand)
Wands
 l - a wand of slowing (8/48)
 v - a wand of iceblast (7/15)
Scrolls
 g - a scroll of teleportation
 s - a scroll of identify
Potions
 h - 3 potions of agility
 i - a potion of brilliance
 z - a potion of berserk rage
 A - a potion of lignification
Books
 b - a book of Conjurations

   Spells                             Type                      Level
   a - Magic Dart                     Conjuration                  1
   b - Searing Ray                    Conjuration                  2
   c - Dazzling Spray                 Conjuration/Hexes            3
   d - Fulminant Prism                Conjuration/Hexes            4
   e - Iskenderun's Mystic Blast      Conjuration                  4
   f - Iskenderun's Battlesphere      Conjuration/Charms           5
Miscellaneous
 u - a plain deck of wonders
Comestibles
 c - 5 bread rations
 f - 3 chunks of flesh
 o - 4 meat rations
 p - a fruit
 t - a slice of pizza


   Skills:
 + Level 3.8 Fighting
 - Level 2.1 Dodging
 - Level 2.1 Stealth
 + Level 5.4 Spellcasting
 + Level 8.1 Conjurations
 + Level 4.5 Charms


You had 5 spell levels left.
You knew the following spells:

 Your Spells              Type           Power        Failure   Level  Hunger
a - Magic Dart            Conj           ####         1%          1    None
b - Searing Ray           Conj           #####.       1%          2    None
c - Iskenderun's Battles  Conj/Chrm      ####....     24%         5    #####..
d - Fulminant Prism       Conj/Hex       ###.......   24%         4    ####...


Dungeon Overview and Level Annotations

Branches:
Dungeon (6/15)             Temple (1/1) D:4

Altars:
Ashenzari
Dithmenos
Elyvilon
Kikubaaqudgha
Nemelex Xobeh
Okawaru
Pakellas
Ru
Trog
Vehumet
The Shining One

Shops:
D:6 ((

Annotations:
D:5 Prince Ribbit
D:6 Edmund


Message History

The howler monkey hoots and howls with incredible vigour!
You hear an angry hiss.
Drink which item? (? for menu, Esc to quit)
Okay, then.
Read which item? (? for menu, Esc to quit)
As you read the scroll of teleportation, it crumbles to dust.
You feel strangely unstable. The ogre hits you with a giant club!!
* * * LOW HITPOINT WARNING * * *
Read which item? (? for menu, Esc to quit)
Okay, then.
Drink which item? (? for menu, Esc to quit)
You feel better. The howler monkey barely misses you.
The howler monkey closely misses you. The ogre barely misses you.
The howler monkey barely misses you. x2
An iguana comes into view.
Drink which item? (? for menu, Esc to quit)
You feel better.
The howler monkey closely misses you. x2
The ogre hits you with a giant club!!
Ouch! That really hurt!
You die...

#.###.###..#### #.....# #.##
......# #..# #####.# #...
#.###.###..# #.# #... #.#
#......# #.# ###[ #.###.##...##
####.###### #. #.<.#.#.....##
#.........# ###. ###.#...)....##
#..#.####.# #...
.##.#...[.....####....####.###.#.
..........)...lh@O...............
.##.#.........####.....###.###.#.
###.##.......## #..##.###.# #.#.
# #.###.....## #.........# #.##
#.# ##...## #####.##### #.## #.#
##'## #.# #... ###.## #.# #.#
#### .....# #.####### #.# #
###.## ##.......# #.# #


You could see an ogre, a howler monkey and an iguana.

Vanquished Creatures
  An ice beast (D:5)
  A phantom (D:4)
  2 giant frogs
  A scorpion (D:3)
  4 crimson imps
  2 orc wizards
  A centaur zombie (D:5)
  A giant frog skeleton (D:6)
  2 orc priests
  2 hounds (D:5)
  An iguana (D:4)
  5 worker ants
  A hound zombie (D:6)
  2 worker ant zombies
  3 gnolls (D:6)
  6 adders
  A shadow imp (D:5)
  2 oozes
  2 worms
  2 dart slugs
  2 giant geckos
  21 orcs
  A ball python (D:5)
  7 bats
  7 giant cockroaches
  4 goblins
  6 hobgoblins
  4 jackals (D:5)
  3 quokkas
  A giant gecko zombie (D:5)
  2 giant newts
  7 kobolds
  8 rats
115 creatures vanquished.

Vanquished Creatures (others)
  5 fulminant prisms
5 creatures vanquished.

Grand Total: 120 creatures vanquished

Notes
Turn   | Place    | Note
--------------------------------------------------------------
     0 | D:1      | Svalin the High Elf Conjurer began the quest for the Orb.
     0 | D:1      | Reached XP level 1. HP: 11/11 MP: 4/4
   716 | D:1      | Reached XP level 2. HP: 13/17 MP: 4/6
   786 | D:1      | Learned a level 2 spell: Searing Ray
   911 | D:2      | Reached skill level 5 in Conjurations
  1462 | D:2      | Found a shadowy altar of Dithmenos.
  1943 | D:3      | Reached XP level 3. HP: 21/21 MP: 5/7
  2286 | D:3      | Noticed a scorpion
  2308 | D:3      | Killed a scorpion
  2308 | D:3      | Reached skill level 6 in Conjurations
  2308 | D:3      | Reached XP level 4. HP: 14/27 MP: 0/8
  2547 | D:3      | Found a glowing golden altar of the Shining One.
  2777 | D:3      | Reached XP level 5. HP: 14/31 MP: 0/10
  3014 | D:3      | Learned a level 5 spell: Iskenderun's Battlesphere
  3084 | D:3      | Found a bloodstained altar of Trog.
  3196 | D:3      | Reached skill level 1 in Fighting
  3408 | D:3      | Found an oddly glowing altar of Pakellas.
  3623 | D:4      | Found a staircase to the Ecumenical Temple.
  3629 | Temple   | Entered the Ecumenical Temple
  3677 | Temple   | Became a worshipper of Vehumet
  3701 | D:4      | Reached skill level 7 in Conjurations
  3707 | D:4      | Reached skill level 1 in Charms
  3887 | D:4      | Reached XP level 6. HP: 10/38 MP: 6/12
  4292 | D:4      | Found a sparkling altar of Nemelex Xobeh.
  5035 | D:4      | Learned a level 4 spell: Fulminant Prism
  5188 | D:5      | Entered Level 5 of the Dungeon
  5339 | D:5      | Noticed an ice beast
  5346 | D:5      | Killed an ice beast
  5364 | D:5      | Reached XP level 7. HP: 34/45 MP: 0/14
  5745 | D:5      | Noticed Prince Ribbit
  6237 | D:5      | HP: 1/45 [Prince Ribbit (5)]
  6957 | D:5      | Reached * piety under Vehumet
  6957 | D:5      | Offered knowledge of Sandblast by Vehumet.
  7330 | D:6      | Found Ibriogak's Antique Weapon Shop.
  7351 | D:6      | Found Ciaqarodd's Antique Weapon Boutique.
  7511 | D:6      | Reached skill level 5 in Spellcasting
  7514 | D:6      | Noticed Edmund
  8273 | D:6      | Reached skill level 8 in Conjurations
  8273 | D:6      | Reached XP level 8. HP: 42/53 MP: 4/17
  8765 | D:5      | Mangled by an ogre

Vault maps used:
D:1:      erik_arrival_cave_to_civilisation, minmay_rat_gold_closets
D:2:      nicolae_overflow_crystal_walls, first_bread
D:3:      marbit_many_paths, lemuel_coloured_pillars_altar,
          nicolae_tso_swordbearing_angel, due_unseen_surprise
D:4:      nemelex_deck, minmay_temple_entry_statues_pillars, minmay_crossroads
D:5:      uniq_prince_ribbit1
D:6:      serial_shops, shop_statue, nicolae_shop_crystal,
          minmay_misc_feat_alley, uniq_edmund
Temple:   hc_temple_tempest_star_small

Skill      XL: |  1  2  3  4  5  6  7 |
---------------+----------------------+-----
Conjurations   | 5 6 7 8 |  8.1
Spellcasting   | 3 4 5 |  5.4
Fighting       | 1 2 3 |  3.8
Charms         | 1 2 4 |  4.5
Dodging        | |  2.1
Stealth        | |  2.1

Action                   |  1- 3 |  4- 6 |  7- 9 || total
-------------------------+-------+-------+-------++-------
Melee: Dagger            |    39 |    39 |     2 ||    80
       Short sword       |       |       |    31 ||    31
Throw: Javelin           |       |       |     2 ||     2
 Cast: Magic Dart        |    58 |    93 |   131 ||   282
       Searing Ray       |       |     2 |     1 ||     3
       Fulminant Prism   |       |     1 |     4 ||     5
       Iskenderun's Batt |       |       |     1 ||     1
Evoke: Wand              |       |       |     1 ||     1
  Use: Scroll            |     8 |       |    11 ||    19
       Potion            |     1 |     1 |     4 ||     6
 Stab: Sleeping          |     2 |     3 |     1 ||     6
       Invisible         |       |     2 |       ||     2
  Eat: Chunk             |     4 |     9 |    10 ||    23
       Fruit             |       |       |     2 ||     2
       Royal jelly       |       |       |     1 ||     1
